 Dungeon Crawl Stone Soup version 0.30-b1-2-g02819fbbbe (webtiles) character file.

Game seed: 5453196746658706915

4 Alarkh the Charlatan (level 1, -1/16 HPs)
             Began as a Demonspawn Artificer on Nov 21, 2023.
             Slain by a goblin
             ... wielding a +0 club
              (4 damage)
             ... on level 1 of the Dungeon.
             The game lasted 00:00:15 (76 turns).

Alarkh the Charlatan (Demonspawn Artificer)           Turns: 76, Time: 00:00:16

Health: -1/16      AC:  3    Str: 12    XL:     1   Next: 58%
Magic:  1/1        EV: 11    Int: 12    God:
Gold:   11         SH:  0    Dex: 13    Spells: 0/0 levels left

rFire   . . .        a - +0 mace (venom)
rCold   . . .        (no shield)
rNeg    . . .        b - +0 leather armour
rPois   .            (no helmet)
rElec   .            (no cloak)
rCorr   .            (no gloves)
SInv    .            (no boots)
Will    .....        (no amulet)
Stlth   +            (no ring)
HPRegen 0.22/turn    (no ring)
MPRegen 0.07/turn

%: no passive effects
@: no status effects
A: no striking features
a: no special abilities


You were on level 1 of the Dungeon.
You visited 1 branch of the dungeon, and saw 1 of its levels.

You collected 11 gold pieces.

Inventory:

Hand Weapons
 a - a +0 mace of venom (weapon)
 g - a +0 club
Armour
 b - a +0 leather armour (worn)
Wands
 c - a wand of flame (15) (quivered)
 d - a wand of charming (15)
 e - a wand of iceblast (5)
Potions
 f - a potion of curing {unknown}


   Skills:
 + Level 1.7 Fighting
 - Level 1.7 Armour
 - Level 0.8 Dodging
 - Level 0.8 Stealth
 - Level 3.0 Evocations


You couldn't memorise any spells.
You didn't know any spells.
Your spell library was empty.

Dungeon Overview and Level Annotations

Branches:
Dungeon (1/15)

Altars:


Message History

You see here a giant cockroach corpse.
The hobgoblin shouts!
A hobgoblin is nearby!
A hobgoblin is nearby!
A goblin comes into view. It is wielding a +0 club.
The goblin shouts!
A rat comes into view.
You closely miss the hobgoblin.
The hobgoblin hits you but does no damage.
The hobgoblin hits you.
You barely miss the hobgoblin. The hobgoblin closely misses you.
You hit the hobgoblin but do no damage. The goblin hits you but does no damage.
The hobgoblin hits you.
You closely miss the hobgoblin. The goblin hits you but does no damage.
The hobgoblin closely misses you. The goblin hits you but does no damage.
The hobgoblin barely misses you.
You barely miss the hobgoblin. The goblin barely misses you.
The rat bites you but does no damage. The hobgoblin closely misses you.
You barely miss the hobgoblin. The rat misses you.
The goblin hits you with a +0 club. The hobgoblin misses you.
The rat closely misses you.
The hobgoblin hits you but does no damage.
The goblin barely misses you.
You hit the hobgoblin.
You kill the hobgoblin!
The rat bites you. The goblin hits you with a +0 club.
You are too injured to fight recklessly!
You are too injured to fight recklessly!
The goblin attacks as you move away! The goblin hits you with a +0 club.
* * * LOW HITPOINT WARNING * * *
The rat bites you but does no damage. The rat attacks as you move away!
The rat barely misses you. The rat attacks as you move away!
The rat closely misses you.
You barely miss the rat. The rat bites you.
* * * LOW HITPOINT WARNING * * *
You hit the rat but do no damage.
The rat is poisoned.
You kill the rat!
The goblin barely misses you.
You closely miss the goblin. The goblin hits you with a +0 club.
You die...

# ##...#..........
.. #......#....#...
#. ##...)...#......
##.##.....(....#....
#...##..............
#.....#.#.#.#.#.#.#.
#...#.##############
#)..#.)........
#..@g..†...###
#...###....# #...#
#....# #...# #....#
#...# #....# #####
#......# #.....#..
#.....# # ###.#...


You could see a goblin.

Vanquished Creatures
  A giant cockroach (D:1)
  A goblin (D:1)
  A hobgoblin (D:1)
  A rat (D:1)
4 creatures vanquished.

Notes
Turn   | Place    | Note
-------+----------+-------------------------------------------
     0 | D:1      | Alarkh the Demonspawn Artificer began the quest for the
                  | Orb.
     0 | D:1      | Reached XP level 1. HP: 15/15 MP: 1/1
    76 | D:1      | Slain by a goblin

Illustrated notes

Levels and vault maps discovered:
D:1:      co_arrival_square_in_a_square_in_a_square, layout_rooms

Action                     || total
---------------------------++-------
  Melee: Mace              ||    13
 Armour: Leather armour    ||     9
  Dodge: Dodged            ||    13
